 Dungeon Crawl Stone Soup version 0.30-a0-808-g6e0788376e (webtiles) character file.

Game seed: 9465310131887818620

32 cforsyth the Sneak (level 3, 0/22 HPs)
             Began as a Kobold Brigand on Feb 26, 2023.
             Slain by a goblin
             ... wielding a +0 club
             ... led by Robin
              (4 damage)
             ... on level 2 of the Dungeon.
             The game lasted 00:02:01 (1418 turns).

cforsyth the Sneak (Kobold Brigand)                 Turns: 1418, Time: 00:02:02

Health: 0/22       AC:  3    Str:  8    XL:     3   Next: 42%
Magic:  3/3        EV: 15    Int: 12    God:
Gold:   69         SH:  0    Dex: 18    Spells: 2/2 levels left

rFire   . . .      SeeInvis .    a - +2 dagger
rCold   . . .      Faith    .    (no shield)
rNeg    . . .      Spirit   .    b - +0 robe
rPois   .          Reflect  .    (no helmet)
rElec   .          Harm     .    c - +0 cloak
rCorr   .          Rampage  .    (no gloves)
Will    .....                    (no boots)
Stlth   ++++                     (no amulet)
HPRegen 0.23/turn                (no ring)
MPRegen 0.08/turn                (no ring)

@: no status effects
A: small, no large weapons, nightstalker 3
a: no special abilities


You were on level 2 of the Dungeon.
You visited 1 branch of the dungeon, and saw 2 of its levels.

You collected 69 gold pieces.

Inventory:

Hand Weapons
 a - a +2 dagger (weapon)
Missiles
 d - 13 poisoned darts (quivered)
 e - 3 curare-tipped darts
Armour
 b - a +0 robe (worn)
 c - a +0 cloak (worn)
Jewellery
 g - a ring of protection from fire
Scrolls
 f - a scroll of enchant armour {unknown}
 h - a scroll of teleportation {unknown}
 l - a scroll of brand weapon {unknown}
 n - a scroll of amnesia {unknown}
 o - a scroll of identify {unknown}
Potions
 i - 3 potions of mutation {unknown}
 j - a potion of flight {unknown}
 k - a potion of brilliance {unknown}
 m - a potion of curing {unknown}


   Skills:
 + Level 2.7 Fighting
 + Level 3.3 Short Blades
 - Level 2.1 Throwing
 + Level 2.0 Dodging
 + Level 5.8 Stealth


You had 2 spell levels left.
You didn't know any spells.
Your spell library was empty.

Dungeon Overview and Level Annotations

Branches:
Dungeon (2/15)

Altars:

Annotations:
D:2 Robin


Innate Abilities, Weirdness & Mutations

You are small and have problems with some larger weapons.
You are completely attuned to the shadows.


Message History

You hear a shout!
The giant cockroach closely misses you.
You barely miss the giant cockroach.
The giant cockroach is severely wounded.
The hobgoblin completely misses you. The giant cockroach bites you.
You hit the giant cockroach but do no damage.
The giant cockroach is severely wounded.
The giant cockroach barely misses you. The hobgoblin closely misses you.
You hit the giant cockroach.
You kill the giant cockroach!
The hobgoblin barely misses you.
Robin flexes a bicep menacingly.
Robin completely misses you.
You barely miss the hobgoblin. The hobgoblin misses you.
Something unseen opens the door.
Robin hits you from afar with a +0 spear.
You hit the hobgoblin.
The hobgoblin is severely wounded.
The hobgoblin misses you.
A goblin comes into view. It is wielding a +0 club.
Robin hits you but does no damage.
The hobgoblin shouts!
You hit the hobgoblin.
The hobgoblin is almost dead.
You hear a shout! x2
The hobgoblin hits you.
A goblin comes into view. It is wielding a +0 club.
A goblin comes into view. It is wielding a +0 dagger.
Robin's horned helmet rattles.
Robin hits you from afar with a +0 spear.
* * * LOW HITPOINT WARNING * * *
Unknown command.
Robin throws the goblin at you! The goblin barely misses you.
Robin flexes a bicep menacingly.
Robin roars a battlecry!
The goblins go into a battle-frenzy!
You hear a shout! x2
The goblin hits you with a +0 club.
You die...

.......# .......#
.......#
###..........#
#.........)..## #
#.............# #
#.............##+#
#
#...).).......##.#
#
#...@########..#.##
# #..g.# ##....# #
#...g### #####..###
#......# #.g.......
+..†.g.# #.#######.
#..g.g.# #.# ##
#......#####g######
#
+....g.'.......g..#
#......#####.###.##
#


You could see 2 hobgoblins and a goblin (strong).

Vanquished Creatures
  A worm (D:2)
  2 ball pythons (D:1)
  An endoplasm (D:1)
  2 giant cockroaches
  5 goblins (D:2)
  2 hobgoblins (D:2)
  4 jackals (D:1)
  2 quokkas (D:1)
  2 bats
  2 frilled lizards (D:1)
  2 kobolds (D:1)
  A rat (D:2)
26 creatures vanquished.

Notes
Turn   | Place    | Note
-------+----------+-------------------------------------------
     0 | D:1      | cforsyth the Kobold Brigand began the quest for the Orb.
     0 | D:1      | Reached XP level 1. HP: 12/12 MP: 1/1
   360 | D:1      | Reached XP level 2. HP: 8/18 MP: 2/2
   717 | D:1      | You fall into a shaft and drop 1 floor!
   779 | D:2      | Reached XP level 3. HP: 22/22 MP: 3/3
  1357 | D:2      | Noticed Robin
  1418 | D:2      | Slain by a goblin

Illustrated notes

Levels and vault maps discovered:
D:1:      ncdulo_wetmaze, layout_basic, dreamdust_princess_bridge
D:2:      layout_basic, serial_forest, infiniplex_forest_clump_tiny,
          infiniplex_forest_straight_4, infiniplex_forest_lined_corner,
          infiniplex_forest_lined_corner, infiniplex_forest_lined_room_2,
          infiniplex_forest_lined_2, infiniplex_forest_lined_3_way,
          infiniplex_forest_side_room, uniq_robin

Skill      XL: |  1  2  3 |
---------------+----------+-----
Short Blades   | 3 |  3.3
Dodging        | 2 |  2.0
Fighting       | |  2.7
Throwing       | |  2.1
Stealth        | |  5.8

Action                     || total
---------------------------++-------
  Melee: Dagger            ||    78
         Punch             ||     1
   Stab: Sleeping          ||    10
 Armour: Robe              ||     9
  Dodge: Dodged            ||    68

Table legend: (Time is in decaauts)
 A = Elapsed time spent in this place.
 B = Non-inter-level travel time spent in this place.
 C = Inter-level travel time spent in this place.
 D = Time resting spent in this place.
 E = Time spent auto-exploring this place.
 F = Levels seen in this place.
 G = Mean time per level.
                   A        B        C        D        E       F      G
               +--------+--------+--------+--------+--------+-----+--------+
         Total |   1414 |   1349 |     65 |      0 |   1157 |   2 |  707.0 |
       Dungeon |   1414 |   1349 |     65 |      0 |   1157 |   2 |  707.0 |
               +--------+--------+--------+--------+--------+-----+--------+

Top non-repeatable levels by time:
     D:1: 1031 daAuts
     D:2: 382 daAuts
